Warning! The script has encountered some errors when parsing the replay. Please report them to the . » details
0x00, prev: 0x16: 16 02 01 00 E1 CD 00 00 8E 85 16 00 [00] 00 00 00 00 00 00 00 00 00 00 00 00 00 00 00 00 00 00 00 00 00 00 00 17 00
0x00, prev: 0x00: 16 02 01 00 E1 CD 00 00 8E 85 16 00 00 00 00 00 00 00 00 00 00 00 00 00 00 00 00 00 00 00 00 00 00 00 [00] 00 17 00
0x00, prev: 0x01: 16 02 01 00 E4 E9 00 00 A3 8F 08 00 00 00 00 00 00 00 00 00 00 00 00 00 00 00 00 00 00 00 00 00 00 00 00 00 01 [00] 0A 03 00 18 00 03 06 03 00 18 00 03
0x00, prev: 0x02: 16 02 01 00 32 B0 00 00 A1 87 01 00 00 00 00 00 00 00 00 00 00 00 00 00 00 00 00 00 00 00 00 00 00 00 00 00 02 [00] 03 1F 00 12 00 00 03 00 0D 00 FF FF FF FF FF FF FF FF D7 34 FF C5 02 72 F2 C5 55 C3 00 00 9B C3 05 00 04 1F 00 12 08 00 03 00 0D 00 FF FF FF FF FF FF FF FF 00 80 09 C6 00 80 0B C6 7C C1 00 00 97 F6 00 00
0x00, prev: 0x04: 16 02 01 00 8F C3 00 00 2D 97 04 00 00 00 00 00 00 00 00 00 00 00 00 00 00 00 00 00 00 00 00 00 00 00 00 00 04 [00] 01 11 00 18 00 03 1A 19 61 65 64 55 DB DA 00 00 74 CE 01 00
0x00, prev: 0x05: 16 02 01 00 32 B0 00 00 A1 87 01 00 00 00 00 00 00 00 00 00 00 00 00 00 00 00 00 00 00 00 00 00 00 00 00 00 05 [00] 03 0F 00 10 46 00 66 67 75 52 FF FF FF FF FF FF FF FF 05 03 00 18 00 03 05 1F 00 12 18 00 03 00 0D 00 FF FF FF FF FF FF FF FF 04 5B CF 45 54 A0 9C 45 23 DC 00 00 0F B5 17 00 01 0E 00 1A 19 6E 72 62 4E D4 E3 00 00 83 C7 0D 00
0x0A, prev: 0x00: 16 02 01 00 79 A8 00 00 79 A8 00 00 00 00 00 00 00 00 00 00 00 00 00 00 00 00 00 00 00 00 00 00 00 00 00 00 [0A] 00 03 17 00 11 04 00 67 69 7A 75 FF FF FF FF FF FF FF FF 00 80 19 C6 00 00 C1 C5
0x08, prev: 0x00: 16 02 01 00 F2 B2 00 00 00 8E 0B 00 00 00 00 00 00 00 00 00 00 00 00 00 00 00 00 00 00 00 00 00 00 00 00 00 [08] 00 01 11 00 18 00 03 1A 19 61 65 64 55 DB DA 00 00 74 CE 01 00 01 1F 00 12 00 00 03 00 0D 00 FF FF FF FF FF FF FF FF E8 FB 83 45 36 ED 81 C4 FF FF FF FF FF FF FF FF 0A 1F 00 12 08 00 03 00 0D 00 FF FF FF FF FF FF FF FF A9 AB 5A 44 AA D0 E9 C5 FF FF FF FF FF FF FF FF 05 34 00 17 00 06 00 03 9C 00 00 98 64 1C 00 D9 C6 00 00 46 57 17 00 E1 CD 00 00 8E 85 16 00 23 DC 00 00 0F B5 17 00 36 DC 00 00 7D 64 1C 00 F3 E5 00 00 E2 B4 17 00
0x0B, prev: 0x00: 00 00 00 00 00 00 00 00 00 00 00 00 00 00 00 00 00 00 00 00 00 00 00 00 [0B] 00 0A 03 00 18 00 03
0x0C, prev: 0x00: 16 02 01 00 EC A8 00 00 EC A8 00 00 00 00 00 00 00 00 00 00 00 00 00 00 00 00 00 00 00 00 00 00 00 00 00 00 [0C] 00 0B 1F 00 12 19 00 03 00 0D 00 FF FF FF FF FF FF FF FF 00 00 94 C5 00 00 4C 45 DB AD 00 00 C3 BC 12 00 03 1F 00 12 00 00 03 00 0D 00 FF FF FF FF FF FF FF FF 84 C6 35 C3 A8 C4 A1 C5 FF FF FF FF FF FF FF FF 03 1F 00 12 00 00 03 00 0D 00 FF FF FF FF FF FF FF FF A0 0C EB C2 EE DC A1 C5 FF FF FF FF FF FF FF FF
0x0E, prev: 0x00: 16 02 01 00 32 B0 00 00 A1 87 01 00 00 00 00 00 00 00 00 00 00 00 00 00 00 00 00 00 00 00 00 00 00 00 00 00 [0E] 00
\ : Unknown ItemID
0x0D, prev: 0x00: 16 02 01 00 32 B0 00 00 A1 87 01 00 00 00 00 00 00 00 00 00 00 00 00 00 00 00 00 00 00 00 00 00 00 00 00 00 [0D] 00 01 11 00 18 00 03 1A 19 61 65 64 55 DB DA 00 00 74 CE 01 00 06 03 00 18 00 03 01 1F 00 12 00 00 03 00 0D 00 FF FF FF FF FF FF FF FF 72 D1 12 C6 9A 96 28 C6 FF FF FF FF FF FF FF FF 03 0F 00 10 42 00 6F 63 61 75 FF FF FF FF FF FF FF FF 01 11 00 18 01 03 1A 19 63 69 6C 55 A6 3F 00 00 BD 7C 06 00
0x0F, prev: 0x00: 16 02 01 00 1B 98 00 00 F3 24 0D 00 00 00 00 00 00 00 00 00 00 00 00 00 00 00 00 00 00 00 00 00 00 00 00 00 [0F] 00 06 54 00 17 00 0A 00 E4 E9 00 00 A3 8F 08 00 E5 B7 00 00 BB 6B 01 00 F2 B2 00 00 00 8E 0B 00 E0 2B 00 00 33 3D 1E 00 54 3B 00 00 06 3D 1E 00 C9 56 00 00 DD 31 1B 00 F6 61 00 00 D9 3C 1E 00 BA B6 00 00 6A 27 16 00 84 CD 00 00 3F 27 16 00 D7 F3 00 00 15 2A 1B 00 06 1F 00 12 18 00 03 00 0D 00 FF FF FF FF FF FF FF FF 00 00 B8 C5 00 00 FA C5 D8 B6 00 00 65 37 18 00
0x09, prev: 0x00: 16 02 01 00 81 C4 00 00 B5 E4 1D 00 00 00 00 00 00 00 00 00 00 00 00 00 00 00 00 00 00 00 00 00 00 00 00 00 [09] 00 03 11 00 18 00 03 1A 19 61 65 64 55 CF BC 00 00 39 88 01 00 03 1F 00 12 18 00 03 00 0D 00 FF FF FF FF FF FF FF FF E1 CA 8F C5 08 69 F7 C5 FF FF FF FF FF FF FF FF 03 11 00 18 01 03 1A 19 77 68 64 68 C8 19 00 00 C3 A4 1D 00 01 1F 00 12 44 00 F2 00 0D 00 FF FF FF FF FF FF FF FF CA FF 2C 45 98 E0 19 46 E4 F4 00 00 71 48 16 00
0x15, prev: 0x00: 16 02 01 00 D8 B6 00 00 65 37 18 00 00 00 00 00 00 00 00 00 00 00 00 00 00 00 00 00 00 00 00 00 00 00 00 00 [15] 00
0x00, prev: 0x1A: 16 02 01 00 72 D4 00 00 F8 3C 1A 00 00 00 00 00 00 00 00 00 00 00 00 00 00 00 00 00 00 00 00 00 00 00 00 00 1A [00]
0x00, prev: 0x12: [00] 00 00 00 00 00 00 00 00 00 00 00 00 00 00 00 00 00 00 00 00 00 00 00 0B 00 0A 03 00 18 00 03
0x1F, prev: 0x00: 16 02 01 00 BA B6 00 00 6A 27 16 00 00 00 00 00 00 00 00 00 00 00 00 00 00 00 00 00 00 00 00 00 00 00 00 00 [1F] 00
0x20, prev: 0x00: 16 02 01 00 F6 D8 00 00 B2 D4 20 00 00 00 00 00 00 00 00 00 00 00 00 00 00 00 00 00 00 00 00 00 00 00 00 00 [20] 00 06 54 00 17 00 0A 00 E4 E9 00 00 A3 8F 08 00 E5 B7 00 00 BB 6B 01 00 F2 B2 00 00 00 8E 0B 00 E0 2B 00 00 33 3D 1E 00 54 3B 00 00 06 3D 1E 00 C9 56 00 00 DD 31 1B 00 F6 61 00 00 D9 3C 1E 00 BA B6 00 00 6A 27 16 00 84 CD 00 00 3F 27 16 00 D7 F3 00 00 15 2A 1B 00
0x00, prev: 0x18: [00] 00 00 00 00 00 00 00 00 00 00 00 00 00 00 00 00 00 00 00 00 00 00 00 1D 00
General information
- name: BIG FFA!!
- type: Ladder 1vs1/FFA
- host: TIMG4STRok
- saver: TIMG4STRok
map: aps\Download\Divide and Conquer Taverns
- players: 12
- length: 89:49
- speed: Fast
- version: 1.23 W3XP
- replay type:

» download(794 KB)
Players
team 1 (loser)

»
TIMG4STRok (
gray | 1506 APM | 11846 actions | 07:51)
5 Death Knight
3 Death Coil
2 Unholy Aura
3 Lich
2 Frost Nova
1 Frost Armor
2 Dark Ranger
1 Silence
1 Life Drain
» actions
| Assign group hotkey | 40 | |
| Basic commands | 228 | |
| Build / train | 140 | |
| ESC pressed | 12 | |
| Enter build submenu | 71 | |
| Enter hero's abilities submenu | 21 | |
| Give item / drop item | 24 | |
| Right click | 5918 | |
| Select / deselect | 702 | |
| Select group hotkey | 4375 | |
| Use ability | 315 | |
11846 total
» units
| Acolyte | 37 | |
| Ghoul | 5 | |
| Crypt Fiend | 7 | |
| Gargoyle | 9 | |
| Frost Wyrm | 4 | |
| Goblin Shredder | 1 | |
63 total
» upgrades
| Creature Attack | 3 | |
| Web | 1 | |
| Creature Carapace | 2 | |
| Freezing Breath | 1 | |
| Ghoul Frenzy | 1 | |
| Cannibalize | 1 | |
9 total
» buildings
| Graveyard | 1 | |
| Crypt | 4 | |
| Ziggurat | 9 | |
| Altar of Darkness | 1 | |
| Tomb of Relics | 2 | |
| Nerubian Tower | 1 | |
| Halls of the Dead | 1 | |
| Black Citadel | 1 | |
| Sacrificial Pit | 1 | |
| Necropolis | 38 | |
| Boneyard | 2 | |
61 total
» build order
00:07 Graveyard
00:09 Crypt
00:38 Ziggurat
00:56 Altar of Darkness
01:25 Nerubian Tower
01:37 Ziggurat
01:55 Halls of the Dead
02:37 Necropolis
04:02 Ziggurat
05:19 Boneyard
07:07 Necropolis
07:51 Necropolis
» items
| Rod of Necromancy | 2 | |
| Scroll of Town Portal | 6 | |
| Potion of Healing | 3 | |
| Potion of Mana | 1 | |
| Orb of Corruption | 3 | |
| Boots of Speed | 2 | |
| Scroll of Healing | 5 | |
| Potion of Lesser Invulnerability | 1 | |
| Scroll of Protection | 1 | |
| Alleria's Flute of Accuracy | 1 | |
| Belt of Giant Strength +6 | 2 | |
| Gloves of Haste | 1 | |
| Ankh of Reincarnation | 1 | |
| Crown of Kings +5 | 3 | |
| Claws of Attack +6 | 1 | |
| Claws of Attack +15 | 2 | |
| The Lion Horn of Stormwind | 1 | |
| Mask of Death | 1 | |
| Staff of Teleportation | 1 | |
| Sobi Mask | 1 | |
| Boots of Quel'Thalas +6 | 1 | |
40 total
team 2 (winner)
GOSU4LIFE (
blue | 171 APM | 1018 actions | 05:57)
2 Archmage
1 Summon Water Elemental
1 Brilliance Aura
» actions
| Assign group hotkey | 34 | |
| Basic commands | 11 | |
| Build / train | 45 | |
| Enter build submenu | 33 | |
| Enter hero's abilities submenu | 2 | |
| Remove unit from queue | 1 | |
| Right click | 449 | |
| Select / deselect | 259 | |
| Select group hotkey | 147 | |
| Use ability | 37 | |
1018 total
» units
| Peasant | 12 | |
| Mortar Team | 8 | |
| Gryphon Rider | 4 | |
24 total
» upgrades
| Masonry | 3 | |
| Gunpowder | 1 | |
| Storm Hammers | 1 | |
5 total
» buildings
| Altar of Kings | 1 | |
| Farm | 11 | |
| Scout Tower | 7 | |
| Lumber Mill | 1 | |
| Arcane Tower | 1 | |
| Guard Tower | 5 | |
| Keep | 1 | |
| Blacksmith | 1 | |
| Workshop | 3 | |
| Castle | 1 | |
| Cannon Tower | 1 | |
| Gryphon Aviary | 3 | |
36 total
» build order
00:32 Altar of Kings
00:37 Farm
00:54 Scout Tower
01:01 Lumber Mill
01:19 Farm
01:25 Keep
01:29 Guard Tower
01:38 Guard Tower
01:55 Farm
02:07 Guard Tower
02:37 Farm
03:09 Farm
03:19 Farm
03:54 Farm
team 3 (loser)

»
mata. (
green | 1165 APM | 9165 actions | 07:51)
4 Death Knight
2 Death Coil
1 Unholy Aura
1 Animate Dead
4 Lich
3 Frost Nova
1 Frost Armor
4 Dreadlord
2 Sleep
2 Carrion Swarm
» actions
| Assign group hotkey | 607 | |
| Basic commands | 117 | |
| Build / train | 212 | |
| ESC pressed | 1 | |
| Enter build submenu | 115 | |
| Enter hero's abilities submenu | 19 | |
| Give item / drop item | 3 | |
| Remove unit from queue | 13 | |
| Right click | 4578 | |
| Select / deselect | 1749 | |
| Select group hotkey | 1486 | |
| Use ability | 264 | |
9165 total
» units
| Acolyte | 33 | |
| Ghoul | 17 | |
| Crypt Fiend | 7 | |
| Obsidian Statue | 4 | |
| Banshee | 1 | |
| Meatwagon | 3 | |
| Gargoyle | 6 | |
| Frost Wyrm | 7 | |
| Dragonhawk Rider | 9 | |
| Flying Machine | 5 | |
| Sorceress | 1 | |
93 total
» upgrades
| Web | 1 | |
| Burrow | 1 | |
| Creature Attack | 3 | |
| Destroyer Form | 1 | |
| Banshee Training | 1 | |
| Creature Carapace | 2 | |
| Defend | 1 | |
| Unholy Strength | 1 | |
| Priest Training | 1 | |
| Ghoul Frenzy | 1 | |
| Freezing Breath | 1 | |
| Armor | 1 | |
| Flak Cannons | 1 | |
| Sorceress Training | 1 | |
17 total
» buildings
| Crypt | 1 | |
| Altar of Darkness | 2 | |
| Ziggurat | 23 | |
| Tomb of Relics | 1 | |
| Graveyard | 4 | |
| Halls of the Dead | 7 | |
| Slaughterhouse | 1 | |
| Necropolis | 8 | |
| Black Citadel | 2 | |
| Temple of the Damned | 1 | |
| Spirit Tower | 8 | |
| Nerubian Tower | 2 | |
| Town Hall | 1 | |
| Sacrificial Pit | 1 | |
| Keep | 2 | |
| Barracks | 1 | |
| Altar of Kings | 1 | |
| Arcane Sanctum | 1 | |
| Castle | 2 | |
| Lumber Mill | 1 | |
| Gryphon Aviary | 2 | |
| Blacksmith | 1 | |
| Boneyard | 3 | |
| Arcane Vault | 2 | |
| Workshop | 1 | |
| Scout Tower | 1 | |
80 total
» build order
00:06 Crypt
00:19 Altar of Darkness
00:34 Ziggurat
01:03 Tomb of Relics
01:25 Halls of the Dead
02:35 Ziggurat
02:37 Temple of the Damned
03:13 Ziggurat
03:14 Spirit Tower
03:15 Nerubian Tower
03:16 Nerubian Tower
03:16 Spirit Tower
04:02 Spirit Tower
05:50 Town Hall
07:20 Sacrificial Pit
07:51 Graveyard
» items
| Rod of Necromancy | 2 | |
| Scroll of Town Portal | 6 | |
| Potion of Healing | 3 | |
| Orb of Corruption | 3 | |
| Scroll of Healing | 1 | |
15 total
team 4 (loser)

»
ripBALLER4LIFE (
brown | 228 APM | 1796 actions | 07:51)
4 Archmage
2 Summon Water Elemental
2 Brilliance Aura
1 Mountain King
1 Storm Bolt
» actions
| Assign group hotkey | 31 | |
| Basic commands | 11 | |
| Build / train | 66 | |
| Enter build submenu | 36 | |
| Enter hero's abilities submenu | 6 | |
| Give item / drop item | 6 | |
| Remove unit from queue | 4 | |
| Right click | 642 | |
| Select / deselect | 775 | |
| Select group hotkey | 70 | |
| Use ability | 143 | |
1796 total
» units
| Peasant | 12 | |
| Footman | 10 | |
| Mortar Team | 1 | |
| Gryphon Rider | 15 | |
38 total
» upgrades
| Masonry | 2 | |
| Animal War Training | 1 | |
| Storm Hammers | 1 | |
4 total
» buildings
| Barracks | 1 | |
| Altar of Kings | 2 | |
| Farm | 13 | |
| Lumber Mill | 2 | |
| Scout Tower | 7 | |
| Arcane Tower | 1 | |
| Guard Tower | 4 | |
| Keep | 1 | |
| Arcane Vault | 1 | |
| Blacksmith | 1 | |
| Workshop | 1 | |
| Castle | 1 | |
| Town Hall | 2 | |
| Gryphon Aviary | 3 | |
40 total
» build order
00:19 Barracks
00:23 Altar of Kings
00:33 Farm
00:57 Lumber Mill
01:12 Scout Tower
01:25 Scout Tower
01:34 Farm
01:45 Guard Tower
01:48 Scout Tower
01:55 Keep
02:22 Arcane Vault
02:26 Guard Tower
02:37 Town Hall
02:40 Gryphon Aviary
03:01 Gryphon Aviary
03:45 Gryphon Aviary
04:02 Farm
06:45 Altar of Kings
06:50 Farm
07:51 Farm
» items
| Scroll of Regeneration | 2 | |
| Scroll of Town Portal | 3 | |
| Potion of Healing | 2 | |
| Lesser Clarity Potion | 1 | |
8 total
team 5 (loser)
KNIFE]NOOBELF (
yellow | 1110 APM | 8733 actions | 07:51)
3 Dreadlord
2 Carrion Swarm
1 Sleep
4 Death Knight
3 Death Coil
1 Unholy Aura
4 Lich
2 Frost Nova
2 Frost Armor
» actions
| Assign group hotkey | 846 | |
| Basic commands | 75 | |
| Build / train | 218 | |
| ESC pressed | 11 | |
| Enter build submenu | 64 | |
| Enter hero's abilities submenu | 19 | |
| Give item / drop item | 5 | |
| Remove unit from queue | 9 | |
| Right click | 4468 | |
| Select / deselect | 909 | |
| Select group hotkey | 1794 | |
| Use ability | 315 | |
8733 total
» units
| Acolyte | 50 | |
| Ghoul | 5 | |
| Crypt Fiend | 17 | |
| Frost Wyrm | 17 | |
| Goblin Zeppelin | 2 | |
| Goblin Shredder | 8 | |
| Obsidian Statue | 8 | |
| Gargoyle | 9 | |
| Abomination | 1 | |
117 total
» upgrades
| Creature Attack | 3 | |
| Web | 1 | |
| Creature Carapace | 1 | |
| Destroyer Form | 1 | |
6 total
» buildings
| Graveyard | 3 | |
| Crypt | 5 | |
| Ziggurat | 36 | |
| Altar of Darkness | 1 | |
| Tomb of Relics | 2 | |
| Halls of the Dead | 3 | |
| Nerubian Tower | 4 | |
| Spirit Tower | 15 | |
| Necropolis | 10 | |
| Black Citadel | 2 | |
| Sacrificial Pit | 2 | |
| Boneyard | 5 | |
| Slaughterhouse | 1 | |
89 total
» build order
00:07 Graveyard
00:10 Crypt
00:41 Ziggurat
00:59 Altar of Darkness
01:25 Halls of the Dead
01:34 Nerubian Tower
01:55 Spirit Tower
02:11 Necropolis
02:37 Slaughterhouse
03:12 Necropolis
03:27 Spirit Tower
03:34 Ziggurat
03:37 Ziggurat
04:02 Spirit Tower
05:17 Necropolis
07:06 Ziggurat
07:08 Ziggurat
07:08 Ziggurat
07:13 Ziggurat
07:14 Ziggurat
07:15 Ziggurat
07:51 Necropolis
» items
| Rod of Necromancy | 5 | |
| Scroll of Town Portal | 13 | |
| Orb of Corruption | 2 | |
| Scroll of Healing | 2 | |
| Potion of Lesser Invulnerability | 6 | |
| Scroll of Protection | 2 | |
| Periapt of Vitality | 2 | |
| Potion of Healing | 1 | |
| Healing Wards | 1 | |
34 total
team 6 (loser)

»
SDFWESDER (
red | 1154 APM | 9079 actions | 07:51)
5 Demon Hunter
3 Mana Burn
2 Evasion
4 Keeper of the Grove
2 Entangling Roots
2 Thorns Aura
3 Priestess of the Moon
2 Trueshot Aura
1 Searing Arrows
» actions
| Assign group hotkey | 655 | |
| Basic commands | 10 | |
| Build / train | 242 | |
| ESC pressed | 14 | |
| Enter build submenu | 65 | |
| Enter hero's abilities submenu | 32 | |
| Give item / drop item | 15 | |
| Right click | 4884 | |
| Select / deselect | 936 | |
| Select group hotkey | 1927 | |
| Use ability | 299 | |
9079 total
» units
| Wisp | 66 | |
| Archer | 7 | |
| Chimaera | 15 | |
| Goblin Shredder | 1 | |
| Hippogryph | 22 | |
| Druid of the Talon | 7 | |
118 total
» upgrades
| Strength of the Wild | 3 | |
| Reinforced Hides | 3 | |
| Druid of the Talon Training | 2 | |
| Corrosive Breath | 1 | |
| Mark of the Talon | 1 | |
| Ultravision | 1 | |
| Well Spring | 1 | |
| Strength of the Moon | 1 | |
| Moon Armor | 1 | |
| Nature's Blessing | 1 | |
15 total
» buildings
| Altar of Elders | 2 | |
| Moon Well | 17 | |
| Ancient of War | 1 | |
| Hunter's Hall | 2 | |
| Ancient Protector | 10 | |
| Tree of Life | 15 | |
| Tree of Ages | 6 | |
| Ancient of Wonders | 1 | |
| Ancient of Wind | 4 | |
| Tree of Eternity | 6 | |
| Chimaera Roost | 5 | |
69 total
» build order
00:08 Altar of Elders
00:20 Moon Well
00:49 Ancient of War
01:25 Hunter's Hall
02:05 Ancient Protector
02:37 Chimaera Roost
03:10 Chimaera Roost
03:12 Chimaera Roost
03:15 Moon Well
04:02 Tree of Life
06:48 Moon Well
07:51 Tree of Life
» items
| Boots of Speed | 3 | |
| Periapt of Vitality | 1 | |
| Orb of Venom | 2 | |
| Scroll of Town Portal | 13 | |
| Potion of Healing | 5 | |
| Crown of Kings +5 | 1 | |
| Scroll of Healing | 8 | |
| Potion of Lesser Invulnerability | 4 | |
| Scroll of Protection | 1 | |
| Lesser Clarity Potion | 1 | |
| Potion of Invisibility | 1 | |
40 total
team 7 (loser)

»
D3STRUCTION (
light-blue | 443 APM | 3481 actions | 07:51)
3 Dark Ranger
1 Black Arrow
2 Life Drain
» actions
| Assign group hotkey | 206 | |
| Basic commands | 92 | |
| Build / train | 133 | |
| ESC pressed | 2 | |
| Enter build submenu | 45 | |
| Enter hero's abilities submenu | 5 | |
| Give item / drop item | 2 | |
| Remove unit from queue | 5 | |
| Right click | 1724 | |
| Select / deselect | 720 | |
| Select group hotkey | 383 | |
| Use ability | 164 | |
3481 total
» units
» upgrades
| Strength of the Moon | 3 | |
| Moon Armor | 3 | |
| Nature's Blessing | 1 | |
| Improved Bows | 1 | |
| Sentinel | 1 | |
| Marksmanship | 1 | |
| Well Spring | 1 | |
| Ultravision | 1 | |
12 total
» buildings
| Altar of Elders | 1 | |
| Moon Well | 9 | |
| Ancient of War | 8 | |
| Hunter's Hall | 1 | |
| Tree of Ages | 1 | |
| Ancient Protector | 9 | |
| Tree of Life | 10 | |
| Tree of Eternity | 1 | |
| Ancient of Wonders | 4 | |
44 total
» build order
00:39 Altar of Elders
00:41 Moon Well
01:25 Moon Well
02:37 Ancient Protector
07:51 Tree of Life
» items
| Scroll of Town Portal | 7 | |
| Potion of Healing | 1 | |
| Boots of Speed | 1 | |
| Claws of Attack +15 | 1 | |
| Crown of Kings +5 | 1 | |
11 total
team 8 (loser)

»
TheNumber1-B (
purple | 402 APM | 1056 actions | 02:37)
2 Demon Hunter
1 Mana Burn
1 Evasion
» actions
| Assign group hotkey | 48 | |
| Basic commands | 6 | |
| Build / train | 35 | |
| ESC pressed | 1 | |
| Enter build submenu | 10 | |
| Enter hero's abilities submenu | 2 | |
| Right click | 529 | |
| Select / deselect | 131 | |
| Select group hotkey | 254 | |
| Use ability | 40 | |
1056 total
» units
| Wisp | 15 | |
| Archer | 8 | |
| Druid of the Talon | 4 | |
27 total
» buildings
| Altar of Elders | 1 | |
| Moon Well | 5 | |
| Ancient of War | 1 | |
| Tree of Ages | 1 | |
| Tree of Eternity | 1 | |
| Ancient of Wind | 1 | |
| Hunter's Hall | 1 | |
| Ancient Protector | 1 | |
12 total
» build order
00:08 Altar of Elders
00:18 Moon Well
01:20 Ancient of War
01:25 Moon Well
02:37 Ancient Protector
team 9 (loser)

»
SDFANBOY (
orange | 303 APM | 796 actions | 02:37)
2 Lich
1 Frost Nova
1 Dark Ritual
» actions
| Basic commands | 8 | |
| Build / train | 37 | |
| Enter build submenu | 10 | |
| Enter hero's abilities submenu | 3 | |
| Remove unit from queue | 1 | |
| Right click | 517 | |
| Select / deselect | 183 | |
| Use ability | 37 | |
796 total
» units
» buildings
| Graveyard | 1 | |
| Crypt | 1 | |
| Altar of Darkness | 1 | |
| Ziggurat | 3 | |
| Tomb of Relics | 1 | |
| Halls of the Dead | 2 | |
| Nerubian Tower | 1 | |
| Black Citadel | 1 | |
| Sacrificial Pit | 1 | |
| Spirit Tower | 2 | |
14 total
» build order
00:07 Graveyard
00:13 Crypt
00:43 Altar of Darkness
00:59 Ziggurat
01:25 Ziggurat
02:37 Spirit Tower
» items
| Rod of Necromancy | 3 | |
| Potion of Mana | 1 | |
| Potion of Healing | 1 | |
5 total
team 10 (loser)

»
SMERB.COM.COM (
pink | 515 APM | 4047 actions | 07:51)
5 Death Knight
3 Death Coil
1 Unholy Aura
1 Death Pact
» actions
| Assign group hotkey | 28 | |
| Basic commands | 420 | |
| Build / train | 104 | |
| ESC pressed | 4 | |
| Enter build submenu | 31 | |
| Enter hero's abilities submenu | 9 | |
| Give item / drop item | 2 | |
| Remove unit from queue | 1 | |
| Right click | 1428 | |
| Select / deselect | 619 | |
| Select group hotkey | 1227 | |
| Use ability | 174 | |
4047 total
» units
| Acolyte | 16 | |
| Ghoul | 4 | |
| Meatwagon | 4 | |
| Necromancer | 24 | |
| Obsidian Statue | 2 | |
| Frost Wyrm | 5 | |
| Goblin Sapper | 1 | |
56 total
» upgrades
| Unholy Strength | 2 | |
| Necromancer Training | 2 | |
| Exhume Corpses | 1 | |
| Skeletal Longevity | 1 | |
| Skeletal Mastery | 1 | |
| Disease Cloud | 1 | |
| Web | 1 | |
| Unholy Armor | 1 | |
| Freezing Breath | 1 | |
| Creature Attack | 2 | |
| Creature Carapace | 2 | |
15 total
» buildings
| Crypt | 1 | |
| Altar of Darkness | 1 | |
| Ziggurat | 9 | |
| Necropolis | 1 | |
| Nerubian Tower | 1 | |
| Halls of the Dead | 3 | |
| Graveyard | 1 | |
| Tomb of Relics | 1 | |
| Temple of the Damned | 2 | |
| Slaughterhouse | 1 | |
| Black Citadel | 1 | |
| Sacrificial Pit | 1 | |
| Boneyard | 3 | |
26 total
» build order
00:06 Crypt
00:19 Altar of Darkness
00:35 Ziggurat
01:25 Necropolis
01:25 Tomb of Relics
01:26 Ziggurat
01:51 Ziggurat
01:55 Ziggurat
02:11 Temple of the Damned
02:16 Slaughterhouse
02:25 Black Citadel
02:37 Sacrificial Pit
04:02 Ziggurat
07:51 Ziggurat
» items
| Scroll of Healing | 2 | |
| Scroll of Town Portal | 4 | |
| Orb of Corruption | 1 | |
7 total
team 11 (loser)
meles (
teal | 477 APM | 3753 actions | 07:51)
3 Archmage
1 Summon Water Elemental
1 Brilliance Aura
1 Blizzard
4 Mountain King
2 Storm Bolt
2 Bash
2 Paladin
1 Holy Light
1 Devotion Aura
» actions
| Assign group hotkey | 77 | |
| Basic commands | 191 | |
| Build / train | 311 | |
| ESC pressed | 2 | |
| Enter build submenu | 52 | |
| Enter hero's abilities submenu | 11 | |
| Give item / drop item | 1 | |
| Right click | 1229 | |
| Select / deselect | 844 | |
| Select group hotkey | 738 | |
| Use ability | 297 | |
3753 total
» units
| Peasant | 46 | |
| Footman | 39 | |
| Rifleman | 8 | |
| Mortar Team | 6 | |
| Flying Machine | 12 | |
111 total
» upgrades
| Masonry | 3 | |
| Lumber Harvesting | 2 | |
| Swords | 3 | |
| Armor | 3 | |
| Long Rifles | 1 | |
| Fragmentation Shards | 1 | |
13 total
» buildings
| Altar of Kings | 2 | |
| Barracks | 5 | |
| Farm | 13 | |
| Lumber Mill | 1 | |
| Scout Tower | 37 | |
| Arcane Tower | 4 | |
| Guard Tower | 80 | |
| Town Hall | 2 | |
| Arcane Vault | 5 | |
| Keep | 8 | |
| Blacksmith | 1 | |
| Castle | 4 | |
| Workshop | 2 | |
164 total
» build order
00:23 Altar of Kings
00:45 Barracks
00:52 Farm
00:56 Farm
01:25 Guard Tower
01:33 Guard Tower
01:34 Guard Tower
01:34 Guard Tower
01:55 Scout Tower
01:55 Guard Tower
01:55 Guard Tower
01:56 Guard Tower
02:37 Guard Tower
03:07 Guard Tower
03:08 Guard Tower
03:08 Guard Tower
03:20 Scout Tower
03:21 Scout Tower
03:22 Scout Tower
03:24 Scout Tower
03:40 Guard Tower
03:41 Guard Tower
03:41 Guard Tower
03:41 Guard Tower
03:45 Guard Tower
03:46 Guard Tower
03:46 Guard Tower
03:46 Guard Tower
04:02 Guard Tower
07:25 Scout Tower
07:26 Scout Tower
07:51 Altar of Kings
» items
| Scroll of Regeneration | 11 | |
| Lesser Clarity Potion | 9 | |
| Potion of Healing | 12 | |
| Potion of Mana | 5 | |
| Scroll of Town Portal | 3 | |
| Potion of Lesser Invulnerability | 2 | |
| Potion of Invisibility | 1 | |
| Scroll of Healing | 2 | |
| Boots of Speed | 1 | |
| Scroll of Protection | 1 | |
| Orb of Fire | 1 | |
| Ivory Tower | 4 | |
52 total
team 12 (loser)

»
DilBaR (
dark-green | 233 APM | 611 actions | 02:37)
2 Mountain King
1 Storm Bolt
1 Thunder Clap
» actions
| Assign group hotkey | 16 | |
| Basic commands | 9 | |
| Build / train | 36 | |
| Enter build submenu | 18 | |
| Enter hero's abilities submenu | 2 | |
| Right click | 307 | |
| Select / deselect | 164 | |
| Select group hotkey | 31 | |
| Use ability | 28 | |
611 total
» units
| Peasant | 8 | |
| Footman | 8 | |
| Rifleman | 5 | |
| Mortar Team | 2 | |
23 total
» upgrades
| Defend | 1 | |
| Swords | 1 | |
| Armor | 1 | |
| Lumber Harvesting | 1 | |
| Masonry | 1 | |
| Gunpowder | 1 | |
6 total
» buildings
| Altar of Kings | 1 | |
| Farm | 8 | |
| Barracks | 1 | |
| Arcane Vault | 1 | |
| Scout Tower | 1 | |
| Arcane Tower | 1 | |
| Lumber Mill | 1 | |
| Blacksmith | 1 | |
| Keep | 1 | |
| Workshop | 2 | |
18 total
» build order
00:19 Altar of Kings
00:33 Farm
01:02 Barracks
01:14 Farm
01:25 Arcane Tower
01:51 Lumber Mill
01:55 Blacksmith
02:36 Farm
02:37 Farm
» items
| Scroll of Regeneration | 1 | |
| Lesser Clarity Potion | 1 | |
2 total
Chat log
(00:08 / All) DilBaR: rules?
(00:11 / All) SMERB.COM.COM: dilbar
(00:12 / All) SDFWESDER: suck my cock
(00:13 / All) meles: dont fuck with meles
(00:14 / All) SMERB.COM.COM: ayo baby
(00:17 / All) TIMG4STRok: no mass towering
(00:17 / All) KNIFE]NOOBELF: norush 20
(00:22 / All) KNIFE]NOOBELF: no towers
(00:27 / All) ripBALLER4LIFE: right
(00:28 / All) meles: second rule its
(00:28 / All) SMERB.COM.COM: whoever is upper right
(00:30 / All) mata.: rules is i get dragon creep
(00:31 / All) TIMG4STRok: just not like 300 you know
(00:33 / All) KNIFE]NOOBELF: and u gotta ask before you hit
(00:41 / All) meles: tell jamel something nice so his selfsteen gets back
(00:44 / All) mata.: dibs on bottom half
(00:45 / All) mata.: of map
(00:47 / All) SDFANBOY: WHOS ON TOP
(00:53 / All) meles: me
(00:55 / All) SDFWESDER: \
(00:58 / All) SDFWESDER: your out of the clan teal
(01:04 / All) SDFANBOY: LOL
(01:09 / All) meles: whos teal?
(01:16 / All) SDFWESDER: you bitchh
(01:19 / All) meles: hah
(01:22 / All) meles: GRRR
(01:25 / All) meles: guys lets team
(01:43 / All) SMERB.COM.COM: meles peace.
(01:47 / All) meles: [what?
(01:49 / All) meles: hahaha
(01:55 / All) TIMG4STRok: who towering
(02:02 / All) mata.: dark green and dark brown in my corener
(02:10 / All) ripBALLER4LIFE: arcane tower>
(02:13 / All) ripBALLER4LIFE: is towering?
(02:18 / All) mata.: it's the other 3
(02:19 / All) mata.: that count
(02:20 / All) DilBaR: 1 arcane tower is towerin....
(02:37 / All) mata.: +1
(04:02 / All) SMERB.COM.COM: gg
(04:05 / All) GOSU4LIFE: hey filth
(04:10 / All) GOSU4LIFE: teal has more towers then me
(04:12 / All) GOSU4LIFE: about 15
(04:15 / All) GOSU4LIFE: kill urself
(04:15 / All) SMERB.COM.COM: Yeah hes next
(04:17 / All) SMERB.COM.COM: i cant wait
(04:19 / All) SMERB.COM.COM: to kill him too
(04:20 / All) SMERB.COM.COM: ^^
(04:34 / All) GOSU4LIFE: i got mh so i saw u guys teaming all day
(04:44 / All) SMERB.COM.COM: nice bro!
(05:55 / All) GOSU4LIFE: red wins get raped baddies
(06:27 / All) meles: haha
(07:51 / All) TIMG4STRok: this is ffa